Map: Ascension to Aiur LE

Players

LonelySpork

  • Race: Protoss Protoss
  • Spawn Location: 5:00

AndyGai - Winner!

  • Race: Protoss Protoss
  • League: Diamond
  • Spawn Location: 11:00

VOD

Have the link to the VOD?

Description

Time

  • Played on: June 2, 2017, 6:07 p.m.
  • Length: 11:28
Show
View Real Time Build Order
Export as new Build Order

LonelySpork Protoss 

Build Orders: 1 Gate Expand 

Get SALT Encoding   

  12  0:03  Probe (Chrono Boost)  
  14  0:17  Pylon  
  14  0:19  Probe (Chrono Boost)  
  14  0:29  Probe (Chrono Boost)  
  15  0:41  Gateway  
  15  0:44  Probe (Chrono Boost), Assimilator  
  16  0:54  Probe (Chrono Boost)  
  17  1:05  Probe (Chrono Boost)  
  18  1:16  Probe (Chrono Boost)  
  19  1:25  Nexus  
  19  1:36  Cybernetics Core  
  19  1:40  Probe (Chrono Boost)  
  20  1:52  Probe (Chrono Boost)  
  21  1:55  Pylon  
  21  1:57  Assimilator  
  21  2:03  Probe (Chrono Boost)  
  22  2:13  Gateway, Warp Gate  
  22  2:18  Zealot  
  22  2:22  Probe (Chrono Boost)  
  25  2:37  Probe (Chrono Boost)  
  26  2:42  Stargate  
  25  2:48  Adept  
  27  2:55  Probe (Chrono Boost)  
  27  2:57  Probe (Chrono Boost)  
  29  3:03  Twilight Council  
  29  3:08  Probe (Chrono Boost)  
  29  3:12  Adept  
  32  3:22  Stalker  
  32  3:23  Probe (Chrono Boost)  
  35  3:40  Stalker  
  37  3:45  Probe (Chrono Boost)  
  37  3:48  Stalker  
  38  3:53  Probe (Chrono Boost)  
  39  3:56  Probe (Chrono Boost)  
  36  4:10  Stalker  
  36  4:14  Stalker  
  36  4:16  Pylon  
  38  4:19  Forge  
  40  4:28  Gateway  
  40  4:30  Oracle  
  41  4:39  Gateway  
  41  4:52  Pylon  
  41  4:56  Pylon  
  41  5:02  Pylon  
  41  5:13  Mothership Core (Chrono Boost)  
  43  5:23  Gateway  
  43  5:33  Nexus  
  43  5:40  Pylon  
  43  5:48  Stalker x2  
  47  6:01  Photon Cannon  
  47  6:04  Phoenix  
  49  6:14  Blink  
  49  6:20  Assimilator  
  49  6:32  Stalker x2  
  48  7:04  Oracle  
  52  7:08  Probe (Chrono Boost)  
  52  7:09  Probe (Chrono Boost)  
  47  7:28  Stalker x2  
  47  7:29  Stalker x3  
  51  7:31  Probe x2 (Chrono Boost)  
  53  7:48  Probe x2 (Chrono Boost)  
  55  7:58  Stalker x3  
  55  7:59  Stalker  
  63  8:06  Probe (Chrono Boost)  
  63  8:09  Assimilator  
  64  8:14  Gateway  
  64  8:24  Stalker x3  
  64  8:26  Protoss Ground Weapons Level 1  
  70  8:38  Probe (Chrono Boost)  
  71  8:49  Stalker x3  
  77  9:01  Forge  
  77  9:05  Pylon  
  77  9:08  Phoenix  
  79  9:18  Protoss Air Weapons Level 1  
  79  9:22  Gateway  
  79  9:24  Photon Cannon  
  55  10:07  Stalker x3  
  55  10:11  Probe (Chrono Boost)  
  55  10:13  Probe (Chrono Boost)  
  60  10:21  Probe (Chrono Boost)  
  60  10:26  Stalker x2  
  54  10:42  Stalker x2  
  58  10:50  Stalker x2  
  54  10:58  Mothership Core (Chrono Boost)  
  44  11:06  Stalker x3  
  46  11:14  Stalker x2  
  48  11:20  Photon Cannon  
Show
View Real Time Build Order
Export as new Build Order

AndyGai Protoss - Winner!

Build Orders:  

Get SALT Encoding   

  12  0:01  Probe (Chrono Boost)  
  13  0:11  Probe (Chrono Boost)  
  14  0:17  Pylon  
  14  0:22  Probe (Chrono Boost)  
  16  0:35  Probe (Chrono Boost)  
  16  0:40  Gateway  
  16  0:45  Assimilator  
  16  0:46  Probe (Chrono Boost)  
  17  0:57  Probe (Chrono Boost)  
  18  1:05  Gateway  
  18  1:09  Probe (Chrono Boost)  
  19  1:15  Pylon  
  19  1:20  Probe (Chrono Boost)  
  20  1:30  Probe (Chrono Boost)  
  20  1:31  Cybernetics Core  
  21  1:40  Assimilator  
  21  1:41  Probe (Chrono Boost)  
  22  1:51  Probe (Chrono Boost)  
  23  2:02  Probe (Chrono Boost)  
  23  2:07  Stalker  
  23  2:08  Warp Gate, Stalker  
  28  2:12  Probe (Chrono Boost)  
  29  2:18  Pylon  
  29  2:26  Probe (Chrono Boost)  
  30  2:37  Stalker  
  30  2:38  Stalker  
  34  2:44  Probe (Chrono Boost)  
  35  2:52  Pylon  
  35  2:55  Probe (Chrono Boost)  
  36  3:11  Nexus  
  36  3:13  Probe (Chrono Boost)  
  37  3:25  Stalker  
  39  3:29  Probe (Chrono Boost)  
  39  3:32  Stalker  
  42  3:42  Probe (Chrono Boost)  
  42  3:44  Pylon  
  45  4:03  Probe (Chrono Boost)  
  44  4:14  Probe (Chrono Boost)  
  45  4:20  Stalker  
  45  4:21  Gateway, Stalker  
  45  4:22  Gateway  
  49  4:33  Probe x2 (Chrono Boost)  
  51  4:44  Mothership Core (Chrono Boost), Robotics Facility  
  51  4:45  Probe (Chrono Boost)  
  54  4:48  Pylon, Assimilator  
  54  4:53  Assimilator  
  54  4:55  Probe (Chrono Boost)  
  55  5:03  Probe (Chrono Boost), Pylon  
  55  5:05  Stalker  
  55  5:06  Stalker  
  60  5:22  Forge, Probe (Chrono Boost)  
  60  5:23  Forge  
  61  5:29  Probe (Chrono Boost)  
  61  5:32  Probe (Chrono Boost)  
  61  5:33  Pylon  
  63  5:36  Observer  
  63  5:40  Probe (Chrono Boost)  
  65  5:44  Probe (Chrono Boost)  
  65  5:49  Pylon  
  66  5:54  Stalker x3  
  72  6:00  Photon Cannon  
  72  6:08  Protoss Ground Armor Level 1  
  72  6:09  Protoss Ground Weapons Level 1  
  72  6:16  Nexus, Probe (Chrono Boost)  
  73  6:28  Twilight Council  
  73  6:31  Probe (Chrono Boost)  
  75  6:33  Probe (Chrono Boost)  
  75  6:43  Stalker  
  75  6:44  Stalker x2  
  77  6:49  Stalker  
  77  6:52  Probe (Chrono Boost)  
  75  7:03  Immortal  
  75  7:04  Mothership Core (Chrono Boost)  
  75  7:06  Probe (Chrono Boost)  
  77  7:19  Probe (Chrono Boost)  
  77  7:21  Stalker  
  77  7:22  Stalker x3  
  85  7:32  Probe x2 (Chrono Boost)  
  85  7:33  Blink  
  87  7:40  Pylon  
  87  7:43  Gateway  
  87  7:46  Probe x2 (Chrono Boost)  
  87  7:47  Probe (Chrono Boost)  
  87  7:50  Pylon  
  90  7:55  Observer  
  93  7:58  Probe (Chrono Boost)  
  93  8:00  Probe (Chrono Boost)  
  93  8:07  Stalker  
  93  8:08  Stalker x2  
  99  8:15  Assimilator  
  99  8:16  Protoss Ground Armor Level 2  
  99  8:17  Protoss Ground Weapons Level 2  
  99  8:18  Immortal  
  99  8:19  Assimilator  
  103  8:24  Robotics Facility  
  103  8:29  Probe x2 (Chrono Boost)  
  105  8:37  Probe (Chrono Boost)  
  106  8:51  Stalker x3  
  106  8:52  Stalker  
  114  8:56  Pylon  
  114  9:04  Pylon  
  114  9:06  Immortal  
  118  9:13  Probe (Chrono Boost)  
  118  9:14  Pylon  
  118  9:15  Probe x2 (Chrono Boost)  
  121  9:22  Photon Cannon  
  121  9:27  Probe (Chrono Boost)  
  122  9:35  Gateway x2  
  122  9:37  Probe x2 (Chrono Boost)  
  124  9:38  Gateway  
  120  9:57  Stalker x2  
  120  9:58  Stalker x3  
  127  10:08  Immortal  
  127  10:09  Immortal  
  127  10:13  Probe x2 (Chrono Boost)  
  133  10:30  Stalker x5  
  141  10:52  Stalker x2  
  141  10:53  Stalker x2  
  141  10:54  Stalker  
  145  11:22  Robotics Bay  
  145  11:25  Templar Archives  
Tags
 
Add a new tag
Caveats
  • Supply blocks, unpowered buildings, or Contaminate may cause inaccurate times.
  • Supply counts are checked every 10 seconds.